 Dungeon Crawl Stone Soup version 0.17.1-1-g73c8601 (webtiles) character file.

43 Rationalist the Skirmisher (level 3, -1/43 HPs)
             Began as a Demonspawn Berserker on Jan 4, 2016.
             Was a Believer of Trog.
             Slain by a goblin (2 damage)
             ... led by Robin
             ... on level 2 of the Dungeon.
             The game lasted 00:03:52 (1465 turns).

Rationalist the Skirmisher (Demonspawn Berserker)   Turns: 1465, Time: 00:03:52

Health: -1/43      AC:  3    Str: 22    XL:     3   Next: 37%
Magic:  3/3        EV: 12    Int:  8    God:    Trog [**....]
Gold:   24         SH:  0    Dex: 13    Spells: 0 memorised, 2 levels left

rFire  . . .     SeeInvis .     a - +0 hand axe
rCold  + . .     Clarity  .     f - +0 robe
rNeg   . . .     SustAt   .     (no shield)
rPois  .         Gourm    .     (no helmet)
rElec  .         Spirit   .     (no cloak)
rCorr  .         Warding  .     (no gloves)
rMut   .         Stasis   .     (no boots)
MR     +....                    (no amulet)
Stlth  ..........               (no ring)
                                j - ring of protection from magic

@: berserking (expiring), very quick, somewhat resistant to hostile
enchantments, extremely unstealthy
A: molten scales 1, cold resistance 1
a: Berserk, Trog's Hand, Burn Spellbooks, Renounce Religion


You were on level 2 of the Dungeon.
You worshipped Trog.
Trog was pleased with you.
You were not hungry.

You visited 1 branch of the dungeon, and saw 2 of its levels.

You collected 24 gold pieces.

Inventory:

Hand Weapons
 a - a +0 hand axe (weapon)
Missiles
 g - 14 steel bolts
Armour
 f - a +0 robe (worn)
Jewellery
 j - a ring of protection from magic (left hand)
Scrolls
 h - a scroll of blinking {unknown}
 i - a scroll of identify {unknown}
 k - a scroll of remove curse {unknown}
 m - a scroll of teleportation {unknown}
 n - a scroll of enchant weapon {unknown}
 o - a scroll of recharging {unknown}
Potions
 b - a potion of magic {unknown}
 e - a potion of agility {unknown}
Comestibles
 c - 2 bread rations
 d - a meat ration
 l - a beef jerky


   Skills:
 + Level 3.3 Fighting
 + Level 3.2 Axes
 + Level 1.9 Armour
 + Level 2.4 Dodging
 + Level 0.2 Stealth


You had 2 spell levels left.
You didn't know any spells.

Dungeon Overview and Level Annotations

Branches:
Dungeon (2/15)

Altars:
Xom


Innate Abilities, Weirdness & Mutations

You are partially covered in molten scales (AC +1).
Your flesh is cold resistant.


Message History

A goblin comes into view. It is wielding a dagger.
The hobgoblin hits you with a club.
* * * LOW HITPOINT WARNING * * *
There is a stone staircase leading down here.
Items here: ) [[ † a trident; an animal skin; a helmet; the hobgoblin corpse of Robin You hit the hobgoblin.
The hobgoblin is almost dead.
You barely miss the goblin. You barely miss the hobgoblin.
The hobgoblin is almost dead.
You barely miss the goblin.
The hobgoblin hits you but does no damage.
The goblin closely misses you.
You closely miss the hobgoblin.
The hobgoblin is almost dead.
You hit the goblin.
The goblin is heavily wounded.
The goblin hits you.
You die...

#.......##.#.##
#..###.†......### #..
#(..#...... #.
###.#.###..#
#..#...#...#..#
#....#####.<))#
#.##...#...##.# ###
#.####.#.####g##.....
#.....<..# #@)g.....
...######## #.g#.####
...# # ##..( #####


You could see a hobgoblin (frenzied) and 2 goblins.

Vanquished Creatures
  Robin (D:2)
  A giant gecko (D:2)
  3 giant cockroaches
  6 hobgoblins
  5 kobolds
  A bat (D:1)
  8 goblins
  4 rats (D:1)
29 creatures vanquished.

Notes
Turn   | Place    | Note
--------------------------------------------------------------
     0 | D:1      | Rationalist the Demonspawn Berserker began the quest for the Orb.
     0 | D:1      | Reached XP level 1. HP: 18/18 MP: 1/1
   193 | D:1      | Gained mutation: Your flesh is cold resistant. [demonic ancestry]
   193 | D:1      | Reached XP level 2. HP: 21/24 MP: 2/2
   761 | D:1      | Found a shimmering altar of Xom.
  1442 | D:2      | Noticed Robin
  1454 | D:2      | Gained mutation: You are partially covered in molten scales (AC +1). [demonic ancestry]
  1454 | D:2      | Reached XP level 3. HP: 14/29 MP: 3/3
  1458 | D:2      | HP: 1/43 [Robin/trident (8)]
  1461 | D:2      | Killed Robin
  1461 | D:2      | Reached ** piety under Trog
  1465 | D:2      | Slain by a goblin

Action                   || total
-------------------------++-------
Melee: Hand axe          ||    81
Invok: Berserk           ||     1
  Eat: Chunk             ||     2
